 Dungeon Crawl Stone Soup version 0.31.0-12-g77e489cdc1 (webtiles) character file.

Game seed: 10860962920124245604

28 H0rd4k the Charlatan (level 3, 0/23 HPs)
             Began as an Octopode Artificer on Mar 7, 2024.
             Slain by a goblin
             ... wielding a +0 club
             ... led by Robin
              (3 damage)
             ... on level 2 of the Dungeon.
             The game lasted 00:00:48 (804 turns).

H0rd4k the Charlatan (Octopode Artificer)            Turns: 804, Time: 00:00:49

Health: 0/23       AC:  1    Str: 11    XL:     3   Next: 14%
Magic:  3/3        EV: 13    Int: 15    God:
Gold:   109        SH:  0    Dex: 12    Spells: 2/2 levels left

rFire   . .          .
                       - Unarmed
rCold   . . .        (no shield)
rNeg    . . .        (helmet restricted)
rPois   .            (no amulet)
rElec   .            (no ring)
rCorr   .            (no ring)
SInv    .            (no ring)
Will    .....        (no ring)
Stlth   +++          (no ring)
HPRegen 0.23/turn    (no ring)
MPRegen 0.08/turn    (no ring)
                     (no ring)

%: no passive effects
@: no status effects
A: almost no armour, amphibious, 8 rings, camouflage 1, gelatinous body 1,
(nimble swimmer 1), tentacles
a: no special abilities


You were on level 2 of the Dungeon.
You visited 1 branch of the dungeon, and saw 2 of its levels.

You collected 109 gold pieces.

Inventory:

Missiles
 e - 4 poisoned darts
Wands
 b - a wand of flame (15) (quivered)
 c - a wand of charming (15)
 d - a wand of iceblast (5)
Scrolls
 a - a scroll of fear {unknown}
 g - a scroll of immolation {unknown}
 i - a scroll of torment {unknown}
 j - a scroll of revelation {unknown}
 k - a scroll of fog {unknown}
Potions
 f - 2 potions of heal wounds {unknown}
 h - a potion of lignification {unknown}


   Skills:
 + Level 1.5 Fighting
 - Level 2.3 Dodging
 - Level 1.3 Stealth
 + Level 2.3 Unarmed Combat
 - Level 3.2 Evocations


You had 2 spell levels left.
You didn't know any spells.
Your spell library was empty.

Dungeon Overview and Level Annotations

Branches:
Dungeon (2/15)

Altars:

Annotations:
D:1 exclusion: downstairs
D:2 Robin


Innate Abilities, Weirdness & Mutations

You cannot wear most types of armour.
You are amphibious.
You can wear up to eight rings at the same time.
Your skin changes colour to match your surroundings (Stealth+).
Your rubbery body absorbs attacks. (AC +1, EV +1)
((You are camouflaged when in or above water. (Stealth+)))
You have tentacles for arms and can constrict up to eight enemies at once.


Message History

You tentacle-slap the ribbon worm. You grab the ribbon worm.
The ribbon worm is heavily wounded.
You constrict the ribbon worm, but do no damage.
You tentacle-slap the ribbon worm. You squeeze the ribbon worm!
You kill the ribbon worm!
The goblin shouts! x3; The hobgoblin shouts! x2; You hear a shout!
The goblin shouts! x2; Robin shouts!
You hear a shout!
Robin roars a battlecry!
The goblins go into a battle-frenzy!
The frilled lizard hisses angrily.
The goblin shouts!
You hear a shout!
There are monsters nearby!
The goblin hits you with a +0 club.
There are monsters nearby!
You tentacle-slap the goblin.
You kill the goblin!
The goblin barely misses you.
The hobgoblin hits you with a +0 dagger.
The hobgoblin hits you. The hobgoblin misses you.
A goblin comes into view. It is wielding a +0 club.
The goblin shouts!
You tentacle-slap the goblin. Your grab misses the goblin.
The goblin is severely wounded.
The hobgoblin hits you.
* * * LOW HITPOINT WARNING * * *
The goblin closely misses you.
Robin roars a battlecry!
The goblin goes into a battle-frenzy!
The goblin misses you.
Robin's horned helmet rattles.
Robin throws the goblin at you!
* * * LOW HITPOINT WARNING * * *
You tentacle-slap the goblin but do no damage.
Your grab misses the goblin. The goblin hits you with a +0 dagger.
* * * LOW HITPOINT WARNING * * *
The goblin barely misses you. The goblin hits you but does no damage.
The goblin closely misses you. The goblin misses you.
The goblin attacks as it pursues you! The goblin hits you with a +0 club.
You die...

.............#
....#####....
...).......# ##.
....#####.# ##... ...<##
#..#####..# #.
.....###.##.....###### .
.###.....#.....#.....##.#
.# ###..#.............#.#
## .#
#..†......g@g......#...
).
#.#........ggg.........
#.#......lg.g........gg
............gg.g<.......
.............gg.........
...............).g.#.....
.(....................!..
..........##.#...........
..#.....................


You could see Robin, 3 hobgoblins, 9 goblins and a frilled lizard.

Vanquished Creatures
  A ribbon worm (D:2)
  5 ball pythons
  An endoplasm (D:1)
  3 giant cockroaches (D:1)
  A goblin (D:2)
  2 quokkas (D:2)
  2 bats (D:1)
  6 kobolds
  4 rats (D:1)
25 creatures vanquished.

Notes
Turn   | Place    | Note
-------+----------+-------------------------------------------
     0 | D:1      | H0rd4k the Octopode Artificer began the quest for the Orb.
     0 | D:1      | Reached XP level 1. HP: 13/13 MP: 1/1
   138 | D:1      | Reached skill level 1 in Unarmed Combat
   138 | D:1      | Reached XP level 2. HP: 14/18 MP: 2/2
   652 | D:2      | Identified the -1 helmet "Hys Ciutz" {+Blink Regen+ Str+2}
   652 | D:2      | Noticed Robin
   784 | D:2      | Reached XP level 3. HP: 23/23 MP: 3/3
   804 | D:2      | Slain by a goblin

Illustrated notes

Levels and vault maps discovered:
D:1:      lemuel_arrival_muddy, layout_rooms
D:2:      layout_rooms, guppyfry_early_orc_mine, uniq_robin

Skill      XL: |  1  2 |
---------------+-------+-----
Unarmed Combat | 1 2 |  2.3
Fighting       | |  1.5
Dodging        | |  2.3
Stealth        | |  1.3
Evocations     | |  3.2

Action                     || total
---------------------------++-------
  Melee: Unarmed           ||    55
         Constrict         ||    16
         Tentacles         ||    12
         Punch             ||     2
   Stab: Sleeping          ||     1
 Armour: Skin              ||    28
  Dodge: Dodged            ||    50
